 Dungeon Crawl Stone Soup version 0.30-a0-883-g5ad918d77d (webtiles) character file.

Game seed: 848921128147938442

288 bobarctor the Grave Robber (level 6, -1/41 HPs)
             Began as a Demonspawn Necromancer on Mar 17, 2023.
             Killed by divine providence
             ... invoked by an orc priest
              (11 damage)
             ... on level 4 of the Dungeon.
             The game lasted 00:14:49 (3058 turns).

bobarctor the Grave Robber (Demonspawn Necromancer) Turns: 3058, Time: 00:14:51

Health: -1/41      AC:  5    Str:  8    XL:     6   Next: 9%
Magic:  15/21      EV: 12    Int: 19    God:
Gold:   187        SH:  0    Dex: 15    Spells: 8/14 levels left

rFire   . . .      SeeInvis .    s - +3 whip "Jellyslayer" {elec, Dex+2}
rCold   . . .      Faith    +    (no shield)
rNeg    + . .      Spirit   .    a - +0 robe
rPois   .          Reflect  .    (no helmet)
rElec   .          Rampage  .    v - +0 cloak
rCorr   +                        (no gloves)
Will    .....                    (no boots)
Stlth   ++                       n
                                   - Hermit's Pendant {Faith Invo=14 Evo=0 MP+5}
HPRegen 0.26/turn                f - ring of resist corrosion
MPRegen 0.17/turn                q - ring of positive energy

@: no status effects
A: yellow scales 1, powered by pain 1
a: no special abilities


You were on level 4 of the Dungeon.
You visited 1 branch of the dungeon, and saw 4 of its levels.

You collected 187 gold pieces.

Inventory:

Hand Weapons
 d - a +1 short sword of protection
 s - the +3 whip "Jellyslayer" (weapon) {elec, Dex+2}
   (You found it on level 3 of the Dungeon)

   Dex:       It affects your dexterity (+2).
Missiles
 e - 34 stones
 o - 2 atropa-tipped darts
 p - 5 poisoned darts
Armour
 a - a +0 robe (worn)
 m - a +3 chain mail
 v - a +0 cloak (worn)
Magical Staves
 h - a staff of air
Jewellery
 f - a ring of resist corrosion (left hand)
 n - the Hermit's Pendant (around neck) {Faith Invo=14 Evo=0 MP+5}
   (You found it on level 2 of the Dungeon)

   [amulet of faith]

   Invo=14: It sets your Invocations skill to 14.
   Evo=0: It sets your Evocations skill to 0.
   It allows you to gain divine favour quickly.
   MP:        It affects your magic capacity (+5).
 q - a ring of positive energy (right hand)
 t - a ring of positive energy
Scrolls
 c - a scroll of vulnerability {unknown}
 j - a scroll of amnesia {unknown}
 k - a scroll of poison {unknown}
 u - a scroll of noise {unknown}
Potions
 b - 3 potions of magic
 g - a potion of brilliance {unknown}
 i - 3 potions of lignification {unknown}
 l - a potion of mutation {unknown}
 r - a potion of ambrosia {unknown}
 w - a potion of attraction {unknown}
 x - a potion of invisibility {unknown}


   Skills:
 + Level 2.0 Dodging
 + Level 2.0 Stealth
 * Level 4.7 Spellcasting
 + Level 5.9 Necromancy


You had 8 spell levels left.
You knew the following spells:

 Your Spells              Type           Power      Damage    Failure   Level
a - Necrotise             Necr           100%       1d9       1%          1
b - Vampiric Draining     Necr           27%        2d7       3%          3
c - Sublimation of Blood  Necr           27%        N/A       1%          2

Your spell library contained the following spells:

 Spells                   Type           Power      Damage    Failure   Level
 Animate Dead             Necr           27%        N/A       11%         4
 Agony                    Necr           27%        N/A       30%         5
 Petrify                  Tmut/Erth      4%         N/A       77%         4
 Irradiate                Conj/Tmut      2%         3d12      98%         5


Dungeon Overview and Level Annotations

Branches:
Dungeon (4/15)
 Temple: D:4-7

Altars:

Annotations:
D:3 3 runed translucent doors, AverageBear's ghost, amateur OpFi


Innate Abilities, Weirdness & Mutations

You are partially covered in yellow scales. (AC +2)
You sometimes gain a little power by taking damage.


Message History

Confirm with . or Enter, or press ? or * to list all spells.
Aiming: Vampiric Draining (dangerous; 3% risk of failure)
Press: ? - help, Shift-Dir - straight line, f/p - worm
Aim: a worm (severely wounded)
You draw life force from the worm!
You kill the worm!
You feel life coursing into your body.
Casting: Vampiric Draining (dangerous; 3% risk of failure)
Confirm with . or Enter, or press ? or * to list all spells.
Aiming: Vampiric Draining (dangerous; 3% risk of failure)
Press: ? - help, Shift-Dir - straight line, f - black bear
Aim: a black bear You draw life force from the black bear!
You feel life coursing into your body.
The black bear bites you but does no damage.
The black bear misses you. The black bear completely misses you.
The black bear attacks as you move away!
The black bear barely misses you. The black bear claws you.
The black bear barely misses you.
The howler monkey hoots and howls with incredible vigour!
The black bear attacks as you move away!
The black bear barely misses you. The black bear claws you.
The black bear barely misses you.
The orc priest invokes the aid of Beogh against you.
Beogh smites you!
The black bear attacks as you move away!
The black bear closely misses you. The black bear completely misses you.
The black bear claws you but does no damage.
The black bear attacks as you move away!
The black bear barely misses you. The black bear claws you. x2
The black bear attacks as you move away!
The black bear bites you!
The black bear claws you but does no damage. x2
The black bear attacks as you move away!
The black bear bites you.
* * * LOW HITPOINT WARNING * * *
The black bear claws you but does no damage. x2
The orc priest mumbles some strange prayers to Beogh against you.
Beogh smites you!
You die...

######............#..........#
#
#....'............#.......o..#
#
#)####............#..........#
# #.#
#............#..........# #.#
#............#..........# ..#
#............####.#######
######............# #.#
)........######...####o#
###############.@h.....# #
#..)).).').......# #
#####'#######)......## # #
#....<......#.......# # #
#...........#.......# # #
#...........#.......# # #
#......<....#.......# #
#...........#.......#
#.....>.....#.......#


You could see a black bear and an orc priest.

Vanquished Creatures
  An ogre (D:4)
  An orc priest (D:4)
  2 orc wizards (D:4)
  2 adders
  2 worms
  7 dart slugs
  12 orcs
  2 endoplasms (D:2)
  A giant cockroach (D:1)
  2 goblins (D:2)
  9 hobgoblins
  A jackal (D:4)
  8 kobolds
  6 quokkas
  4 ball pythons
  5 bats
  3 rats (D:2)
68 creatures vanquished.

Vanquished Creatures (collateral kills)
  A dart slug (D:1)
  An orc (D:3)
  A frilled lizard (D:1)
3 creatures vanquished.

Grand Total: 71 creatures vanquished

Notes
Turn   | Place    | Note
-------+----------+-------------------------------------------
     0 | D:1      | bobarctor the Demonspawn Necromancer began the quest for
                  | the Orb.
     0 | D:1      | Reached XP level 1. HP: 13/13 MP: 3/3
    22 | D:1      | Found a faded altar of an unknown god.
   193 | D:1      | Gained mutation: You sometimes gain a little power by
                  | taking damage. [demonic ancestry]
   193 | D:1      | Reached XP level 2. HP: 19/19 MP: 1/5
   512 | D:1      | Reached skill level 5 in Necromancy
   832 | D:1      | Reached XP level 3. HP: 18/24 MP: 2/6
  1220 | D:2      | Learned a level 3 spell: Vampiric Draining
  1223 | D:2      | Learned a level 2 spell: Sublimation of Blood
  1282 | D:2      | Found the Hermit's Pendant {Faith Invo=14 Evo=0 MP+5}
  1858 | D:2      | Gained mutation: You are partially covered in yellow
                  | scales. (AC +2) [demonic ancestry]
  1858 | D:2      | Reached XP level 4. HP: 30/30 MP: 13/13
  1975 | D:3      | Found a runed translucent gate.
  1975 | D:3      | Found a runed translucent gate.
  1975 | D:3      | Found a runed translucent gate.
  1978 | D:3      | Noticed AverageBear's ghost (amateur OpFi)
  1983 | D:3      | Identified the +6 sling of the Foremost Tales {flame, rElec
                  | rC+}
  2379 | D:3      | Identified the +3 whip "Jellyslayer" {elec, Dex+2}
  2723 | D:4      | Noticed an ogre
  2737 | D:4      | Killed an ogre
  2738 | D:4      | Reached XP level 5. HP: 35/35 MP: 14/14
  2841 | D:4      | Reached XP level 6. HP: 31/41 MP: 16/16
  3058 | D:4      | Killed from afar by an orc priest

Illustrated notes

Levels and vault maps discovered:
D:1:      pf_arrival_petrified_forest, layout_rooms,
          shapermc_ecumenical_altar_venn, minmay_tetromino_l4
D:2:      layout_basic, minmay_randomly_rotated_circles
D:3:      mumra_celtic_spiral_tile, layout_loops_cross,
          biasface_ghost_orc_armoury, uniq_jessica
D:4:      minmay_diamond_boxcup, layout_basic, dk_noncrumbling_3

Skill      XL: |  1  2  3  4  5 |
---------------+----------------+-----
Necromancy     | 5 |  5.9
Spellcasting   | 3 4 |  4.7
Stealth        | 2 |  2.0
Dodging        | 2 |  2.0

Action                     |  1- 3 |  4- 6 || total
---------------------------+-------+-------++-------
  Melee: Short sword       |    23 |    21 ||    44
         Whip              |       |    28 ||    28
   Cast: Necrotise         |    69 |    38 ||   107
         Vampiric Draining |       |     2 ||     2
   Stab: Sleeping          |       |     2 ||     2
 Armour: Robe              |     5 |    19 ||    24
  Dodge: Dodged            |    15 |    38 ||    53

Table legend: (Time is in decaauts)
 A = Elapsed time spent in this place.
 B = Non-inter-level travel time spent in this place.
 C = Inter-level travel time spent in this place.
 D = Time resting spent in this place.
 E = Time spent auto-exploring this place.
 F = Levels seen in this place.
 G = Mean time per level.
                   A        B        C        D        E       F      G
               +--------+--------+--------+--------+--------+-----+--------+
         Total |   3058 |   2964 |     94 |    291 |   2143 |   4 |  764.5 |
       Dungeon |   3058 |   2964 |     94 |    291 |   2143 |   4 |  764.5 |
               +--------+--------+--------+--------+--------+-----+--------+

Top non-repeatable levels by time:
     D:1: 996 daAuts
     D:2: 969 daAuts
     D:3: 741 daAuts
     D:4: 351 daAuts
